 Dungeon Crawl Stone Soup version 0.31-a0-23-gcbde74481b (webtiles) character file.

Game seed: 18040799348282487234

438 pk666 the Magician (level 6, -4/32 HPs)
             Began as a Deep Elf Hedge Wizard on May 13, 2023.
             Slain by an ice beast (10 damage)
             ... on level 4 of the Dungeon.
             The game lasted 00:09:34 (4986 turns).

pk666 the Magician (Deep Elf Hedge Wizard)          Turns: 4986, Time: 00:09:34

Health: -4/32      AC:  3    Str:  7    XL:     6   Next: 69%
Magic:  5/17       EV: 12    Int: 21    God:
Gold:   208        SH:  0    Dex: 14    Spells: 11/17 levels left

rFire   . . .        n - +1 dagger (venom)
rCold   . . .        (no shield)
rNeg    . . .        b - +0 robe
rPois   .            c - +0 hat
rElec   .            (no cloak)
rCorr   .            y - +0 pair of gloves
SInv    .            (no boots)
Will    .....        (no amulet)
Stlth   ++           (no ring)
HPRegen 0.25/turn    (no ring)
MPRegen 0.15/turn

%: no passive effects
@: on blink cooldown
A: no striking features
a: no special abilities


You were on level 4 of the Dungeon.
You visited 1 branch of the dungeon, and saw 4 of its levels.

You collected 208 gold pieces.

Inventory:

Hand Weapons
 n - a +1 dagger of venom (weapon)
Missiles
 x - a throwing net
Armour
 b - a +0 robe (worn)
 c - a +0 hat (worn)
 y - a +0 pair of gloves (worn)
Jewellery
 q - a +4 ring of protection
 r - an amulet of faith
 w - a ring of protection from cold
 B - an amulet of faith
Wands
 v - a wand of roots (6)
Scrolls
 a - a scroll of identify
 e - a scroll of enchant armour {unknown}
 h - a scroll of immolation {unknown}
 k - 3 scrolls of magic mapping {unknown}
 l - 3 scrolls of amnesia
 m - a scroll of fog {unknown}
 s - a scroll of summoning
 t - a scroll of brand weapon {unknown}
 u - a scroll of vulnerability {unknown}
 A - a scroll of fear {unknown}
Potions
 d - a potion of magic
 f - a potion of invisibility {unknown}
 g - a potion of ambrosia {unknown}
 i - 2 potions of curing
 j - a potion of haste {unknown}
 o - a potion of might {unknown}
 p - 2 potions of heal wounds
 z - a potion of flight {unknown}


   Skills:
 - Level 2.4 Dodging
 - Level 2.4 Stealth
 + Level 6.2 Spellcasting
 + Level 3.6 Conjurations
 - Level 1.1 Summonings
 + Level 3.7 Translocations
 * Level 2.4 Air Magic
 * Level 2.6 Poison Magic


You had 11 spell levels left.
You knew the following spells:

 Your Spells              Type           Power      Damage    Failure   Level
a - Magic Dart            Conj           84%        1d7       2%          1
b - Blink                 Tloc           44%        N/A       3%          2
c - Mephitic Cloud        Conj/Pois/Air  18%        N/A       9%          3

Your spell library contained the following spells:

 Spells                   Type           Power      Damage    Failure   Level
 Cigotuvi's Dreadful Rot  Necr/Pois/Air  26%        N/A       7%          2
 Sandblast                Erth           12%        2d6       10%         1
 Slow                     Hex            24%        N/A       10%         1
 Call Imp                 Summ           22%        N/A       10%         2
 Passwall                 Tmut/Erth      5%         N/A       14%         2
 Stone Arrow              Conj/Erth      28%        3d8       14%         3
 Passage of Golubria      Tloc           22%        N/A       21%         4
 Tukima's Dance           Hex            6%         N/A       28%         3
 Yara's Violent Unravell  Hex/Tmut       3%         3d4       95%         5


Dungeon Overview and Level Annotations

Branches:
Dungeon (4/15)
 Temple: D:4-7

Altars:

Shops:
D:3 :

Annotations:
D:3 2 runed translucent doors, bmj180's ghost, amateur DrFE


Message History

The ice beast closely misses you.
Casting: Magic Dart (safe; 2% risk of failure)
Confirm with . or Enter, or press ? or * to list all spells.
Aiming: Magic Dart (safe; 2% risk of failure)
Press: ? - help, Shift-Dir - straight line, f/p - ice beast
Aim: an ice beast (heavily wounded, 100% to hit)
The magic dart hits the ice beast.
The ice beast is heavily wounded.
The ice beast hits you. The ice beast freezes you!
Casting: Magic Dart (safe; 2% risk of failure)
Confirm with . or Enter, or press ? or * to list all spells.
You blink.
Your magical contamination has completely faded away.
Casting: Blink (safe; 3% risk of failure)
Confirm with . or Enter, or press ? or * to list all spells.
Aiming: Magic Dart (safe; 2% risk of failure)
Press: ? - help, Shift-Dir - straight line, f/p - ice beast
Aim: an ice beast (translocational energy, heavily wounded, 100% to hit)
The magic dart hits the ice beast.
The ice beast is heavily wounded.
Casting: Magic Dart (safe; 2% risk of failure)
Confirm with . or Enter, or press ? or * to list all spells.
Aiming: Magic Dart (safe; 2% risk of failure)
Press: ? - help, Shift-Dir - straight line, f/p - ice beast
Aim: an ice beast (heavily wounded, 100% to hit)
The magic dart hits the ice beast.
The ice beast is severely wounded.
The ice beast attacks as you move away! The ice beast closely misses you.
You feel stable enough to blink again.
Casting: Magic Dart (safe; 2% risk of failure)
Confirm with . or Enter, or press ? or * to list all spells.
You blink.
The ice beast hits you. The ice beast freezes you!
* * * LOW HITPOINT WARNING * * *
Casting: Blink (safe; 3% risk of failure)
Confirm with . or Enter, or press ? or * to list all spells.
You are still too unstable to blink.
The ice beast attacks as you move away! The ice beast hits you.
* * * LOW HITPOINT WARNING * * *
The ice beast freezes you!
You die...

#.#...###.####.##...####..
.......##.##........รท...Y.
.............#.###........
#......##.####.# #.#######
.......##.####.# #.#
..#....##......###.#
.....#.#####.....#.#
#.####.### #.....#.###
#.##.....# #...Y@....#
#.##.###.###(....#.#.# #.##.#
#.........#.#.#
#.##.###.###.#####.#.########
#............# #..........#
############## ############


You could see an ice beast.

Vanquished Creatures
  A scorpion (D:4)
  2 howler monkeys (D:4)
  A vampire bat (D:3)
  A hound (D:3)
  An orc priest (D:4)
  An orc wizard (D:4)
  4 gnolls
  7 adders
  A worm (D:3)
  2 dart slugs
  2 orcs
  11 bats
  6 endoplasms
  4 giant cockroaches
  5 goblins
  6 hobgoblins
  4 jackals (D:2)
  2 quokkas
  7 ball pythons
  A frilled lizard (D:2)
  5 kobolds
  6 rats
80 creatures vanquished.

Notes
Turn   | Place    | Note
-------+----------+-------------------------------------------
     0 | D:1      | pk666 the Deep Elf Hedge Wizard began the quest for the
                  | Orb.
     0 | D:1      | Reached XP level 1. HP: 10/10 MP: 7/7
   321 | D:1      | Reached XP level 2. HP: 15/15 MP: 5/9
  1117 | D:2      | Reached XP level 3. HP: 12/19 MP: 1/11
  1307 | D:2      | Reached skill level 5 in Spellcasting
  2200 | D:3      | Found Leschif's Book Emporium.
  2224 | D:3      | Reached XP level 4. HP: 14/24 MP: 3/13
  2536 | D:3      | Found a runed translucent door.
  2540 | D:3      | Noticed bmj180's ghost (amateur DrFE)
  2987 | D:3      | Found a runed translucent door.
  3319 | D:3      | Learned a level 2 spell: Blink
  3323 | D:3      | Learned a level 3 spell: Mephitic Cloud
  3393 | D:3      | Reached XP level 5. HP: 12/28 MP: 6/15
  3480 | D:3      | Reached skill level 1 in Poison Magic
  3751 | D:4      | Reached skill level 1 in Air Magic
  3881 | D:4      | Noticed an ice beast
  3885 | D:4      | Noticed a black bear
  3929 | D:4      | Reached skill level 6 in Spellcasting
  3929 | D:4      | Reached XP level 6. HP: 30/32 MP: 7/17
  4986 | D:4      | Slain by an ice beast

Illustrated notes

Levels and vault maps discovered:
D:1:      sevenhm_arrival_forest_fort_large_4, layout_rooms
D:2:      minmay_wonky_spiral, layout_loops_cross
D:3:      layout_loops_corners, ebering_ghost_sewer_f, serial_shops, shop,
          roderic_batcave, minmay_misc_feat_five
D:4:      layout_loops_ring, chequers_temple_overflow_minitemple,
          kennysheep_generic_room_15

Skill      XL: |  1  2  3  4  5  6 |
---------------+-------------------+-----
Translocations | 2 3 |  3.7
Conjurations   | 2 3 |  3.6
Spellcasting   | 5 6 |  6.2
Poison Magic   | 1 2 |  2.6
Air Magic      | 1 2 |  2.4
Dodging        | |  2.4
Stealth        | |  2.4
Summonings     | |  1.1

Action                     |  1- 3 |  4- 6 || total
---------------------------+-------+-------++-------
  Melee: Dagger            |     7 |     8 ||    15
   Cast: Magic Dart        |   104 |   139 ||   243
         Mephitic Cloud    |       |     7 ||     7
         Blink             |       |     4 ||     4
    Use: Scroll            |       |     3 ||     3
 Armour: Robe              |     7 |     4 ||    11
  Dodge: Dodged            |     9 |    36 ||    45

Table legend: (Time is in decaauts)
 A = Elapsed time spent in this place.
 B = Non-inter-level travel time spent in this place.
 C = Inter-level travel time spent in this place.
 D = Time resting spent in this place.
 E = Time spent auto-exploring this place.
 F = Levels seen in this place.
 G = Mean time per level.
                   A        B        C        D        E       F      G
               +--------+--------+--------+--------+--------+-----+--------+
         Total |   4988 |   4702 |    286 |    901 |   3233 |   4 | 1247.0 |
       Dungeon |   4988 |   4702 |    286 |    901 |   3233 |   4 | 1247.0 |
               +--------+--------+--------+--------+--------+-----+--------+

Top non-repeatable levels by time:
     D:3: 1708 daAuts
     D:4: 1176 daAuts
     D:2: 1063 daAuts
     D:1: 1039 daAuts
